LNP
TOA ALTA POETAS @ MANATI ACROPOLITANOS
06/18/1903
 
TOP OF THE 1ST
Toa Alta Poetas batting - Pitching for Manati Acropolitanos : LHP Raúl Marín
Pitching: LHP Raúl Marín
Batting: LHB Epifanio Rodríguez 0-0: Ground out U3 (Groundball, 34, EV 141 KM/H)
Batting: LHB Héctor Ruesga 0-0: Fly out, F6 (Line Drive, 6M, EV 133 KM/H)
Batting: LHB Luis Pérez 0-0: Foul Ball, location: 3F
0-1: Called Strike
0-2: Ball
1-2: Ground out 6-3 (Groundball, 6, EV 127 KM/H)
Top of the 1st over - 0 runs, 0 hits, 0 errors, 0 left on base; Toa Alta 0 - Manati 0
BOTTOM OF THE 1ST
Manati Acropolitanos batting - Pitching for Toa Alta Poetas : RHP Teucro Barbosa
Pitching: RHP Teucro Barbosa
Batting: RHB Urayoán Jiménez 0-0: Foul Ball, location: 2F
0-1: Called Strike
0-2: Fly out, F8 (Flyball, 8LM, EV 155 KM/H)
Batting: RHB Roberto Bautista 0-0: Called Strike
0-1: Foul Ball, location: 25FF
0-2: Strikes out looking
Batting: LHB Aristarco Zhaguí 0-0: Ball
1-0: Ball
2-0: Foul Ball, location: 2F
2-1: SINGLE (Groundball, 6MD, EV 161 KM/H)
Batting: LHB Ken Lovett 0-0: Ball
Aristarco Zhaguí steals 2nd base
1-0: Ball
2-0: Ball
3-0: Base on Balls
Batting: LHB Naughton Robinson 0-0: Called Strike
0-1: Ball
1-1: Swinging Strike
1-2: Fly out, F5 (Popup, 5, EV 107 KM/H)
Bottom of the 1st over - 0 runs, 1 hit, 0 errors, 2 left on base; Toa Alta 0 - Manati 0
TOP OF THE 2ND
Toa Alta Poetas batting - Pitching for Manati Acropolitanos : LHP Raúl Marín
Batting: RHB Lindsay Lilly 0-0: Ball
1-0: Foul Ball, location: 3FF
1-1: Fly out, F8 (Flyball, 8LM, EV 119 KM/H)
Batting: RHB Enrique Merino 0-0: Called Strike
0-1: Ground out 3-1 (Groundball, 34S, EV 147 KM/H)
Batting: RHB Julio Celiz 0-0: Ball
1-0: Foul Ball, location: 5F
1-1: Ball
2-1: Swinging Strike
2-2: Ball
3-2: TRIPLE (Flyball, 78XD, EV 164 KM/H)
Batting: RHB Héctor Díaz 0-0: Called Strike
0-1: Ball
1-1: Foul Ball, location: 7LDF
1-2: Foul Ball, location: 9LSF
1-2: Ball
2-2: Ball
3-2: Strikes out swinging
Top of the 2nd over - 0 runs, 1 hit, 0 errors, 1 left on base; Toa Alta 0 - Manati 0
BOTTOM OF THE 2ND
Manati Acropolitanos batting - Pitching for Toa Alta Poetas : RHP Teucro Barbosa
Batting: RHB Jaime Guarín 0-0: Foul Ball, location: 5F
0-1: Ball
1-1: Foul Ball, location: 5SF
1-2: Foul Ball, location: 5F
1-2: Ground out U3 (Groundball, 34S, EV 128 KM/H)
Batting: LHB Luis Gómez 0-0: Called Strike
0-1: Ground out 4-3 (Groundball, 4, EV 127 KM/H)
Batting: SHB Isidro Pérez 0-0: Called Strike
0-1: Foul Ball, location: 5F
0-2: Ball
1-2: Ground out 4-3 (Groundball, 4M, EV 172 KM/H)
Bottom of the 2nd over - 0 runs, 0 hits, 0 errors, 0 left on base; Toa Alta 0 - Manati 0
TOP OF THE 3RD
Toa Alta Poetas batting - Pitching for Manati Acropolitanos : LHP Raúl Marín
Batting: RHB Abundio Rodríguez 0-0: Fly out, F3 (Popup, 34S, EV 131 KM/H)
Batting: RHB Luis Venegas 0-0: SOLO HOME RUN (Line Drive, 89XD, EV 170 KM/H) (Inside the Park)
Batting: LHB Epifanio Rodríguez 0-0: Foul Ball, location: 2LF
0-1: Ball
1-1: Ball
2-1: Foul Ball, location: 5DF
2-2: Strikes out looking
Batting: LHB Héctor Ruesga 0-0: Ground out U3 (Groundball, 3, EV 144 KM/H)
Top of the 3rd over - 1 run, 1 hit, 0 errors, 0 left on base; Toa Alta 1 - Manati 0
BOTTOM OF THE 3RD
Manati Acropolitanos batting - Pitching for Toa Alta Poetas : RHP Teucro Barbosa
Batting: RHB Alfonso Vigil 0-0: Called Strike
0-1: DOUBLE (Flyball, 8RXD, EV 154 KM/H)
Batting: RHB Urayoán Jiménez 0-0: Ball
1-0: Sac Bunt to 23 - play at first, batter OUT! 3-4
Alfonso Vigil to third
Batting: RHB Roberto Bautista 0-0: Called Strike
0-1: Called Strike
0-2: Fly out, F8 (Flyball, 78M, EV 142 KM/H)
Runner from 3rd tags up, SCORES, throw by CF
Batting: LHB Aristarco Zhaguí 0-0: Ball
1-0: Ball
2-0: Called Strike
2-1: Swinging Strike
2-2: Foul Ball, location: 7LSF
2-2: Ball
3-2: Fly out, F3 (Popup, 34, EV 131 KM/H)
Bottom of the 3rd over - 1 run, 1 hit, 0 errors, 0 left on base; Toa Alta 1 - Manati 1
TOP OF THE 4TH
Toa Alta Poetas batting - Pitching for Manati Acropolitanos : LHP Raúl Marín
Batting: LHB Luis Pérez 0-0: Ground out U3 (Groundball, 3L, EV 142 KM/H)
Batting: RHB Lindsay Lilly 0-0: Ball
1-0: SINGLE (Groundball, 4MD, EV 156 KM/H)
Batting: RHB Enrique Merino 0-0: Bunted foul
Pickoff Play to 1st, Runner tries for 2nd, OUT after rundown.
0-1: Foul Ball, location: 2F
0-2: Foul Ball, location: 5FF
0-2: SINGLE (Line Drive, 8RS, EV 176 KM/H)
Batting: RHB Julio Celiz 0-0: Fly out, F8 (Flyball, 78M, EV 137 KM/H)
Top of the 4th over - 0 runs, 2 hits, 0 errors, 1 left on base; Toa Alta 1 - Manati 1
BOTTOM OF THE 4TH
Manati Acropolitanos batting - Pitching for Toa Alta Poetas : RHP Teucro Barbosa
Batting: LHB Ken Lovett 0-0: Called Strike
0-1: Ball
1-1: Ball
2-1: Swinging Strike
2-2: Strikes out looking
Batting: LHB Naughton Robinson 0-0: Ball
1-0: Ground out U3 (Groundball, 3L, EV 121 KM/H)
Batting: RHB Jaime Guarín 0-0: Ball
1-0: Ball
2-0: Ball
3-0: Called Strike
3-1: Ground out 5-3 (Groundball, 56, EV 133 KM/H)
Bottom of the 4th over - 0 runs, 0 hits, 0 errors, 0 left on base; Toa Alta 1 - Manati 1
TOP OF THE 5TH
Toa Alta Poetas batting - Pitching for Manati Acropolitanos : LHP Raúl Marín
Batting: RHB Héctor Díaz 0-0: Ball
1-0: Foul Ball, location: 3F
1-1: Fly out, F9 (Line Drive, 89S, EV 152 KM/H)
Batting: RHB Abundio Rodríguez 0-0: Ball
1-0: Fly out, F7 (Line Drive, 7LM, EV 169 KM/H)
Batting: RHB Luis Venegas 0-0: Fly out, F7 (Flyball, 78S, EV 155 KM/H)
Top of the 5th over - 0 runs, 0 hits, 0 errors, 0 left on base; Toa Alta 1 - Manati 1
BOTTOM OF THE 5TH
Manati Acropolitanos batting - Pitching for Toa Alta Poetas : RHP Teucro Barbosa
Batting: LHB Luis Gómez 0-0: Ball
1-0: Swinging Strike
1-1: Ball
2-1: Foul Ball, location: 23FF
2-2: Ground out 4-3 (Groundball, 4, EV 133 KM/H)
Batting: SHB Isidro Pérez 0-0: Ball
1-0: Called Strike
1-1: Ball
2-1: Called Strike
2-2: Ground out 4-3 (Groundball, 4, EV 165 KM/H)
Batting: RHB Alfonso Vigil 0-0: Ball
1-0: Ball
2-0: Fly out, F3 (Popup, 23F, EV 139 KM/H)
Bottom of the 5th over - 0 runs, 0 hits, 0 errors, 0 left on base; Toa Alta 1 - Manati 1
TOP OF THE 6TH
Toa Alta Poetas batting - Pitching for Manati Acropolitanos : LHP Raúl Marín
Batting: LHB Epifanio Rodríguez 0-0: Ball
1-0: Ball
2-0: Ball
3-0: Called Strike
3-1: Called Strike
3-2: Foul Ball, location: 2F
3-2: Foul Ball, location: 7LSF
3-2: Fly out, F4 (Line Drive, 4, EV 114 KM/H)
Batting: LHB Héctor Ruesga 0-0: Ball
1-0: Foul Ball, location: 2F
1-1: Called Strike
1-2: Ball
2-2: Ball
3-2: Ground out 4-3 (Groundball, 4, EV 130 KM/H)
Batting: LHB Luis Pérez 0-0: Ball
1-0: Called Strike
1-1: SINGLE (Line Drive, 78S, EV 158 KM/H)
Batting: RHB Lindsay Lilly 0-0: Foul Ball, location: 9LSF
0-1: Ball
1-1: Ball
2-1: Ball
3-1: Called Strike
3-2: Foul Ball, location: 23FF
3-2: Base on Balls
Luis Pérez to second
Batting: RHB Enrique Merino 0-0: Foul Ball, location: 5DF
0-1: Foul Ball, location: 5SF
0-2: Ball
1-2: Foul Ball, location: 2F
1-2: Ball
2-2: Fly out, F9 (Line Drive, 9S, EV 150 KM/H)
Top of the 6th over - 0 runs, 1 hit, 0 errors, 2 left on base; Toa Alta 1 - Manati 1
BOTTOM OF THE 6TH
Manati Acropolitanos batting - Pitching for Toa Alta Poetas : RHP Teucro Barbosa
Batting: RHB Urayoán Jiménez 0-0: Ball
1-0: Fly out, F7 (Flyball, 7D, EV 175 KM/H)
Batting: RHB Roberto Bautista 0-0: Ground out 5-3 (Groundball, 5, EV 169 KM/H)
Batting: LHB Aristarco Zhaguí 0-0: Called Strike
0-1: Fly out, F9 (Flyball, 9, EV 160 KM/H)
Bottom of the 6th over - 0 runs, 0 hits, 0 errors, 0 left on base; Toa Alta 1 - Manati 1
TOP OF THE 7TH
Toa Alta Poetas batting - Pitching for Manati Acropolitanos : LHP Raúl Marín
Batting: RHB Julio Celiz 0-0: Ball
1-0: Foul Ball, location: 2F
1-1: Ball
2-1: Ball
3-1: SINGLE (Line Drive, 89S, EV 146 KM/H)
Batting: RHB Héctor Díaz 0-0: Foul Ball, location: 2F
0-1: Ball
Julio Celiz steals 2nd base
1-1: Intentional Walk
Batting: RHB Abundio Rodríguez 0-0: Sac Bunt to 13S - play at first, batter OUT! 1-4
Julio Celiz to third
Héctor Díaz to second
Batting: RHB Luis Venegas 0-0: Ball
1-0: Ball
2-0: Fielders Choice at home, 6-2 (Groundball, 6, EV 137 KM/H)
Héctor Díaz to third
Batting: LHB Epifanio Rodríguez 0-0: Ball
1-0: Ball
2-0: Foul Ball, location: 2F
2-1: Ball
3-1: Ground out U3 (Groundball, 3, EV 163 KM/H)
Top of the 7th over - 0 runs, 1 hit, 0 errors, 2 left on base; Toa Alta 1 - Manati 1
BOTTOM OF THE 7TH
Manati Acropolitanos batting - Pitching for Toa Alta Poetas : RHP Teucro Barbosa
Batting: LHB Ken Lovett 0-0: Ball
1-0: Called Strike
1-1: Fly out, F8 (Flyball, 8RD, EV 154 KM/H)
Batting: LHB Naughton Robinson 0-0: Called Strike
0-1: Called Strike
0-2: Ground out U3 (Groundball, 3, EV 163 KM/H)
Batting: RHB Jaime Guarín 0-0: Called Strike
0-1: Ball
1-1: Ground out 6-3 (Groundball, 6, EV 162 KM/H)
Bottom of the 7th over - 0 runs, 0 hits, 0 errors, 0 left on base; Toa Alta 1 - Manati 1
TOP OF THE 8TH
Toa Alta Poetas batting - Pitching for Manati Acropolitanos : LHP Raúl Marín
Batting: RHB Leonel Esparza 0-0: Called Strike
0-1: Fly out, F9 (Flyball, 9, EV 144 KM/H)
Pinch Hitting: RHB Julio César Salazar 0-0: Ball
1-0: Foul Ball, location: 2F
1-1: Swinging Strike
1-2: Ball
2-2: Ball
3-2: Fly out, F9 (Flyball, 9S, EV 151 KM/H)
Batting: RHB Lindsay Lilly 0-0: Foul Ball, location: 2RF
0-1: Called Strike
0-2: Reached on error, E6 (Groundball, 6, EV 162 KM/H)
Batting: RHB Enrique Merino 0-0: Ball
1-0: Ball
Lindsay Lilly is caught stealing 2nd base 2-4
Top of the 8th over - 0 runs, 0 hits, 1 error, 0 left on base; Toa Alta 1 - Manati 1
BOTTOM OF THE 8TH
Manati Acropolitanos batting - Pitching for Toa Alta Poetas : RHP Teucro Barbosa
Now in RF: Julio César Salazar
Batting: LHB Luis Gómez 0-0: Fly out, F8 (Flyball, 89M, EV 149 KM/H)
Batting: SHB Isidro Pérez 0-0: Ball
1-0: Ball
2-0: Called Strike
2-1: Foul Ball, location: 23F
2-2: Foul Ball, location: 2F
2-2: Ball
3-2: Base on Balls
Batting: RHB Alfonso Vigil 0-0: Ball
1-0: Bunted foul
1-1: Sac Bunt to 5S - play at first, batter OUT! 5-4
Isidro Pérez to second
Pinch Hitting: RHB Heraclio Jose 0-0: Called Strike
0-1: Ground out 6-3 (Groundball, 6, EV 127 KM/H)
Bottom of the 8th over - 0 runs, 0 hits, 0 errors, 1 left on base; Toa Alta 1 - Manati 1
TOP OF THE 9TH
Toa Alta Poetas batting - Pitching for Manati Acropolitanos : LHP Raúl Marín
Now at 2B: Heraclio Jose
Now at SS: Roberto Bautista
Batting: RHB Enrique Merino 0-0: Fly out, F3 (Popup, 3L, EV 108 KM/H)
Batting: RHB Julio Celiz 0-0: Ground out 5-3 (Groundball, 56S, EV 119 KM/H)
Batting: RHB Héctor Díaz 0-0: Foul Ball, location: 9LSF
0-1: Foul Ball, location: 5F
0-2: Ball
1-2: Ball
2-2: Ground out 1-3 (Groundball, 15S, EV 115 KM/H)
Top of the 9th over - 0 runs, 0 hits, 0 errors, 0 left on base; Toa Alta 1 - Manati 1
BOTTOM OF THE 9TH
Manati Acropolitanos batting - Pitching for Toa Alta Poetas : RHP Teucro Barbosa
Pinch Hitting: LHB Ismael Albanes 0-0: Ball
1-0: Foul Ball, location: 23FF
1-1: Foul Ball, location: 2F
1-2: Foul Ball, location: 2F
1-2: Fly out, F8 (Flyball, 8LS, EV 140 KM/H)
Batting: LHB Aristarco Zhaguí 0-0: Ground out 6-3 (Groundball, 6MS, EV 138 KM/H)
Batting: LHB Ken Lovett 0-0: Ball
1-0: Ball
2-0: Swinging Strike
2-1: Ball
3-1: Base on Balls
Batting: LHB Naughton Robinson 0-0: Ball
Ken Lovett is caught stealing 2nd base 2-6
Bottom of the 9th over - 0 runs, 0 hits, 0 errors, 0 left on base; Toa Alta 1 - Manati 1
TOP OF THE 10TH
Toa Alta Poetas batting - Pitching for Manati Acropolitanos : LHP Raúl Marín
Now at SS: Ismael Albanes
Pinch Hitting: SHB Ken Fitzsimmons 0-0: Ball
1-0: Foul Ball, location: 2F
1-1: Ball
2-1: Ball
3-1: Foul Ball, location: 23F
3-2: Base on Balls
Batting: RHB Luis Venegas 0-0: Bunted foul
0-1: Bunted foul
0-2: Ball
1-2: Ball
2-2: Ball
3-2: Foul Ball, location: 3FF
3-2: Fly out, F9 (Flyball, 9, EV 145 KM/H)
Pinch Hitting: RHB Neftalí Salas 0-0: Ball
1-0: Bunted foul
1-1: Bunted foul
1-2: Fly out, F6 (Line Drive, 6, EV 101 KM/H)
Lined into DP, 6-3 (Line Drive, 6, EV 101 KM/H)
Top of the 10th over - 0 runs, 0 hits, 0 errors, 0 left on base; Toa Alta 1 - Manati 1
BOTTOM OF THE 10TH
Manati Acropolitanos batting - Pitching for Toa Alta Poetas : RHP Teucro Barbosa
Now at 3B: Neftalí Salas
Now in CF: Vicente García
Batting: LHB Naughton Robinson 0-0: Ball
1-0: Ground out U3 (Groundball, 34, EV 136 KM/H)
Batting: LHB Tristán Meza 0-0: Foul Ball, location: 7LSF
0-1: Called Strike
0-2: Ball
1-2: Foul Ball, location: 25F
1-2: Foul Ball, location: 9LMFF
1-2: Foul Ball, location: 2F
1-2: Reached on error, E4 (Groundball, 4S, EV 101 KM/H)
Batting: LHB Luis Gómez 0-0: Swinging Strike
0-1: Foul Ball, location: 2F
0-2: Ball
1-2: Strikes out swinging
Batting: SHB Isidro Pérez 0-0: Called Strike
0-1: Fly out, F7 (Flyball, 7LD, EV 142 KM/H)
Bottom of the 10th over - 0 runs, 0 hits, 1 error, 1 left on base; Toa Alta 1 - Manati 1
TOP OF THE 11TH
Toa Alta Poetas batting - Pitching for Manati Acropolitanos : LHP Raúl Marín
Batting: RHB Leonel Esparza 0-0: Reached on error, E4 (Groundball, 4, EV 174 KM/H)
Batting: RHB Julio César Salazar 0-0: Bunted foul
0-1: Called Strike
Leonel Esparza is caught stealing 2nd base 2-4
0-2: Ball
1-2: Foul Ball, location: 2F
1-2: Ground out 1-3 (Groundball, 13, EV 116 KM/H)
Batting: RHB Lindsay Lilly 0-0: Ball
1-0: Called Strike
1-1: Called Strike
1-2: Foul Ball, location: 23F
1-2: Ball
2-2: Strikes out looking
Top of the 11th over - 0 runs, 0 hits, 1 error, 0 left on base; Toa Alta 1 - Manati 1
BOTTOM OF THE 11TH
Manati Acropolitanos batting - Pitching for Toa Alta Poetas : RHP Teucro Barbosa
Pinch Hitting: LHB Marcos González 0-0: Called Strike
0-1: Ball
1-1: Ball
2-1: Ball
3-1: Called Strike
3-2: Fly out, F7 (Flyball, 7LM, EV 159 KM/H)
Batting: RHB Heraclio Jose 0-0: Called Strike
0-1: Swinging Strike
0-2: Ground out 4-3 (Groundball, 4, EV 136 KM/H)
Batting: LHB Ismael Albanes 0-0: Ball
1-0: Fly out, F8 (Line Drive, 78D, EV 155 KM/H)
Bottom of the 11th over - 0 runs, 0 hits, 0 errors, 0 left on base; Toa Alta 1 - Manati 1
TOP OF THE 12TH
Toa Alta Poetas batting - Pitching for Manati Acropolitanos : LHP Raúl Marín
Now at C: Osiris García
Batting: RHB Enrique Merino 0-0: Ball
1-0: Swinging Strike
1-1: Ball
2-1: Ball
3-1: Fly out, F8 (Line Drive, 8RM, EV 152 KM/H)
Batting: RHB Julio Celiz 0-0: Called Strike
0-1: Ball
1-1: Fly out, F6 (Popup, 6, EV 111 KM/H)
Batting: RHB Héctor Díaz 0-0: Ball
1-0: Ball
2-0: Called Strike
2-1: Called Strike
2-2: Ground out 6-3 (Groundball, 6, EV 141 KM/H)
Top of the 12th over - 0 runs, 0 hits, 0 errors, 0 left on base; Toa Alta 1 - Manati 1
BOTTOM OF THE 12TH
Manati Acropolitanos batting - Pitching for Toa Alta Poetas : RHP Teucro Barbosa
Batting: LHB Aristarco Zhaguí 0-0: Swinging Strike
0-1: Ball
1-1: Ball
2-1: Fly out, F5 (Popup, 5F, EV 126 KM/H)
Batting: LHB Ken Lovett 0-0: Ball
1-0: Called Strike
1-1: Fly out, F7 (Flyball, 78S, EV 144 KM/H)
Batting: LHB Naughton Robinson 0-0: Ground out U3 (Groundball, 34, EV 149 KM/H)
Bottom of the 12th over - 0 runs, 0 hits, 0 errors, 0 left on base; Toa Alta 1 - Manati 1
TOP OF THE 13TH
Toa Alta Poetas batting - Pitching for Manati Acropolitanos : LHP Raúl Marín
Pinch Hitting: RHB Federico Parra 0-0: Foul Ball, location: 7LSF
0-1: Ball
1-1: Ball
2-1: Fly out, F7 (Flyball, 7D, EV 174 KM/H)
Batting: RHB Luis Venegas 0-0: Ball
1-0: Ball
2-0: Called Strike
2-1: Ball
3-1: Ground out 6-3 (Groundball, 6, EV 126 KM/H)
Batting: RHB Neftalí Salas 0-0: Ball
1-0: Swinging Strike
1-1: Called Strike
1-2: Foul Ball, location: 2F
1-2: Ball
2-2: Foul Ball, location: 9LMF
2-2: Fly out, F9 (Flyball, 9S, EV 133 KM/H)
Top of the 13th over - 0 runs, 0 hits, 0 errors, 0 left on base; Toa Alta 1 - Manati 1
BOTTOM OF THE 13TH
Manati Acropolitanos batting - Pitching for Toa Alta Poetas : RHP Teucro Barbosa
Now in CF: Federico Parra
Batting: LHB Tristán Meza 0-0: Called Strike
0-1: Ball
1-1: Fly out, F8 (Flyball, 8RXD, EV 171 KM/H)
Batting: LHB Luis Gómez 0-0: Ball
1-0: Fly out, F2 (Popup, 2R, EV 143 KM/H)
Batting: SHB Isidro Pérez 0-0: Ball
1-0: Ball
2-0: Swinging Strike
2-1: Swinging Strike
2-2: SINGLE (Groundball, 56D, EV 161 KM/H)
Batting: RHB Osiris García 0-0: Called Strike
0-1: Swinging Strike
0-2: Foul Ball, location: 2F
0-2: Fly out, F9 (Flyball, 89M, EV 142 KM/H)
Bottom of the 13th over - 0 runs, 1 hit, 0 errors, 1 left on base; Toa Alta 1 - Manati 1
TOP OF THE 14TH
Toa Alta Poetas batting - Pitching for Manati Acropolitanos : LHP Raúl Marín
Batting: RHB Leonel Esparza 0-0: Ball
1-0: Fly out, F8 (Flyball, 78D, EV 169 KM/H)
Batting: RHB Julio César Salazar 0-0: Swinging Strike
0-1: Ball
1-1: Foul Ball, location: 2F
1-2: Ground out 5-3 (Groundball, 56, EV 137 KM/H)
Batting: RHB Lindsay Lilly 0-0: Ground out U3 (Groundball, 3, EV 137 KM/H)
Top of the 14th over - 0 runs, 0 hits, 0 errors, 0 left on base; Toa Alta 1 - Manati 1
BOTTOM OF THE 14TH
Manati Acropolitanos batting - Pitching for Toa Alta Poetas : RHP Teucro Barbosa
Batting: RHB Heraclio Jose 0-0: Ball
1-0: Ground out 4-3 (Groundball, 4MD, EV 156 KM/H)
Batting: LHB Ismael Albanes 0-0: Ball
1-0: Foul Ball, location: 7LSF
1-1: SINGLE (Groundball, 56D, EV 165 KM/H) (infield hit)
Batting: LHB Aristarco Zhaguí 0-0: Ball
Ismael Albanes is caught stealing 2nd base 2-6
1-0: Ground out 6-3 (Groundball, 6, EV 146 KM/H)
Bottom of the 14th over - 0 runs, 1 hit, 0 errors, 0 left on base; Toa Alta 1 - Manati 1
TOP OF THE 15TH
Toa Alta Poetas batting - Pitching for Manati Acropolitanos : LHP Raúl Marín
Batting: RHB Enrique Merino 0-0: Ground out 5-3 (Groundball, 56, EV 137 KM/H)
Batting: RHB Julio Celiz 0-0: Ball
1-0: Foul Ball, location: 23FF
1-1: Swinging Strike
1-2: SINGLE (Line Drive, 89S, EV 152 KM/H)
Batting: RHB Héctor Díaz 0-0: SINGLE (Line Drive, 4D, EV 176 KM/H)
Julio Celiz to second
Runner from 2nd tries for 3rd, SAFE, throw by RF made to third
Batting: RHB Federico Parra 0-0: Ball
1-0: Ball
2-0: Fielders Choice at 2nd, 4-6 (Groundball, 4, EV 143 KM/H)
Julio Celiz scores
Pitching: RHP Columbano Campos
Batting: RHB Luis Venegas 0-0: Ball
1-0: Ball
2-0: Ball
3-0: Base on Balls
Federico Parra to second
Batting: RHB Neftalí Salas 0-0: Ball
1-0: Foul Ball, location: 3F
1-1: Swinging Strike
1-2: Ball
2-2: SINGLE (Groundball, 4MD, EV 170 KM/H)
Federico Parra to third
Luis Venegas to second
Throwing error, E8
Federico Parra scores
Luis Venegas to third
Neftalí Salas to second
Batting: SHB Epifanio Sánchez 0-0: Ball
1-0: Called Strike
1-1: Swinging Strike
1-2: Strikes out looking
Top of the 15th over - 2 runs, 3 hits, 1 error, 2 left on base; Toa Alta 3 - Manati 1
BOTTOM OF THE 15TH
Manati Acropolitanos batting - Pitching for Toa Alta Poetas : RHP Teucro Barbosa
Batting: LHB Ken Lovett 0-0: Ball
1-0: Foul Ball, location: 7LSF
1-1: Foul Ball, location: 23FF
1-2: Ball
2-2: Foul Ball, location: 5F
2-2: Foul Ball, location: 2F
2-2: Fly out, F5 (Popup, 56S, EV 116 KM/H)
Batting: LHB Naughton Robinson 0-0: Ball
1-0: Swinging Strike
1-1: Ball
2-1: Foul Ball, location: 3F
2-2: Ground out 2-3 (Groundball, 13S, EV 124 KM/H)
Batting: LHB Tristán Meza 0-0: SINGLE (Groundball, 56D, EV 172 KM/H)
Batting: LHB Luis Gómez 0-0: Called Strike
0-1: Ground out U3 (Groundball, 34S, EV 136 KM/H)
Bottom of the 15th over - 0 runs, 1 hit, 0 errors, 1 left on base; Toa Alta 3 - Manati 1
Saturday, March 23rd , 2024 - OOTP Baseball 25.1 Build 47